 Dungeon Crawl Stone Soup version 0.30-a0-739-gea05faddec (webtiles) character file.

Game seed: 10129554590140133248

1332 cforsyth the Conjurer (level 8, -2/41 HPs)
             Began as a Tengu Fire Elementalist on Feb 4, 2023.
             Was a Follower of Vehumet.
             Killed from afar by a steam dragon (18 damage)
             ... with a ball of steam
             ... on level 6 of the Dungeon.
             The game lasted 00:14:34 (6310 turns).

cforsyth the Conjurer (Tengu Fire Elementalist)     Turns: 6310, Time: 00:14:34

Health: -2/41      AC:  4    Str:  8    XL:     8   Next: 61%
Magic:  5/17       EV: 14    Int: 18    God:    Vehumet [*.....]
Gold:   273        SH:  0    Dex: 15    Spells: 17/18 levels left

rFire   . . .      SeeInvis +    (no weapon)
rCold   . . .      Faith    .    (no shield)
rNeg    . . .      Spirit   .    a - +0 robe
rPois   .          Reflect  .    (helmet restricted)
rElec   .          Harm     .    i - +0 cloak
rCorr   .          Rampage  .    u - +0 pair of gloves
Will    +....                    (boots unavailable)
Stlth   ++                       (no amulet)
HPRegen 0.26/turn                f - ring of willpower
MPRegen 0.15/turn                w - ring of see invisible

@: flying quickly and evasively, studying Ice Magic, quick
A: beak, talons 3, nimble flight
a: Renounce Religion


You were on level 6 of the Dungeon.
You worshipped Vehumet.
Vehumet was aware of your devotion.
You visited 2 branches of the dungeon, and saw 7 of its levels.
You also visited: Ossuary.

You collected 273 gold pieces.

Inventory:

Armour
 a - a +0 robe (worn)
 d - a scarf of repulsion
 i - a +0 cloak (worn)
 u - a +0 pair of gloves (worn)
Jewellery
 f - a ring of willpower (left hand)
 w - a ring of see invisible (right hand)
Wands
 o - a wand of flame (18)
 r - a wand of charming (15)
Scrolls
 h - 2 scrolls of magic mapping
 k - a scroll of fog {unknown}
 l - 3 scrolls of fear {unknown}
 m - 2 scrolls of teleportation {unknown}
 n - 5 scrolls of identify {unknown}
 p - 4 scrolls of poison {unknown}
 q - 3 scrolls of enchant weapon {unknown}
 y - 4 scrolls of amnesia {unknown}
 z - a scroll of blinking {unknown}
 B - a scroll of immolation {unknown}
 C - a scroll of enchant armour {unknown}
Potions
 b - 4 potions of magic
 c - a potion of degeneration {unknown}
 e - 2 potions of haste {unknown}
 g - 3 potions of lignification {unknown}
 j - a potion of might {unknown}
 s - a potion of resistance {unknown}
 t - 3 potions of heal wounds {unknown}
 v - a potion of attraction {unknown}
 x - 4 potions of flight {unknown}
 A - 7 potions of curing
 D - a potion of cancellation {unknown}
 E - 2 potions of invisibility {unknown}
 F - 2 potions of brilliance {unknown}


   Skills:
 - Level 2.1 Dodging
 - Level 2.0 Stealth
 + Level 5.7 Spellcasting
 + Level 7.8 Conjurations
 + Level 7.2 Fire Magic


You had 17 spell levels left.
You knew the following spells:

 Your Spells              Type           Power      Damage    Failure   Level
a - Foxfire               Conj/Fire      100%       2x1d9     1%          1

Your spell library contained the following spells:

 Spells                   Type           Power      Damage    Failure   Level
 Kiss of Death            Conj/Necr      76%        2d11      2%          1
 Magic Dart               Conj           100%       1d8       1%          1
 Scorch                   Fire           62%        2d8       1%          2
 Searing Ray              Conj           66%        2d6       1%          2
 Flame Wave               Conj/Fire      32%        2d9       5%          4
 Sticky Flame             Conj/Fire      32%        2d5       5%          4
 Inner Flame              Hex/Fire       18%        N/A       9%          3
 Mephitic Cloud           Conj/Pois/Air  14%        N/A       13%         3
 Ignite Poison            Fire/Tmut/Pois 13%        N/A       14%         3
 Kindle Blastsparks       Fire/Tloc/Air  26%        2d12      14%         3
 Call Imp                 Summ           5%         N/A       19%         2
 Fulminant Prism          Conj/Hex       9%         3d7       26%         4
 Ignition                 Fire           15%        3d6       100%        8


Dungeon Overview and Level Annotations

Branches:
Dungeon (6/15)             Temple (1/1) D:6         Ossuary (visited)

Altars:
Ashenzari
Cheibriados
Elyvilon
Fedhas
Gozag
Kikubaaqudgha
Nemelex Xobeh
Okawaru
Qazlal
Sif Muna
Uskayaw
Vehumet
Wu Jian
Xom
Yredelemnul
Zin

Shops:
D:4 (   D:5 =

Annotations:
D:6 Eustachio
Temple 2 transporters


Innate Abilities, Weirdness & Mutations

You have a beak for a mouth.
You have claws for feet.
Your magical nature lets you fly swiftly and evasively.


Message History

The howler monkey is almost dead.
The foxfire hits the howler monkey!
You kill the howler monkey!
Vehumet accepts your kill.
You conjure some foxfire!
Your foxfire dissipates!
You conjure some foxfire!
You conjure some foxfire!
An orc comes into view. It is wielding a +0 whip.
Your foxfire dissipates!
An orc is nearby!
Your foxfire dissipates! x2
The foxfire hits the orc!
You kill the orc!
Vehumet accepts your kill.
Your foxfire dissipates! x2
Your foxfire dissipates!
A steam dragon comes into view.
A steam dragon is nearby!
You conjure some foxfire!
Eustachio the Magnificent comes into view.
He is wielding a +2 falchion of draining.
You conjure some foxfire!
The steam dragon breathes steam at you. The ball of steam misses your foxfire.
The ball of steam hits your foxfire.
Your foxfire resists.
The ball of steam hits you!
The foxfire hits Eustachio.
Eustachio is lightly wounded.
You conjure some foxfire!
You are engulfed in a cloud of scalding steam.
The foxfire hits Eustachio.
Eustachio is moderately wounded.
You are too injured to fight recklessly!
You are too injured to fight recklessly!
The foxfire hits Eustachio.
Eustachio is moderately wounded.
The steam dragon breathes steam at you. The ball of steam hits your foxfire.
Your foxfire resists.
The ball of steam misses your foxfire. The ball of steam hits you!!
You die...

,***,,* *,* ##,*,,#>#* ,,,,,,*
*,* *.***,*#.#* ,***,,* *,*
*#.*,***#.###### ,*,,,,***,*
#..** ##.....# *,,,,,,,,,* *..#*
##.####.# ,,,,,,*,######*
**#.###.## #.#
*,,,,,,,..Dv§§######..#.## #.#
,,,,,,,,.)@)vv§§§..#.#.## #.#
,****,,*#####<§§@..))..# #.#
,****,,* ###§#####..## #.#
,,,**,,* ####.# #)..## #.#
**,**,,* #....# #....#####.#
*,,,,,* #.##.#####....##....#
**,***,**###.##.#>..#..#.##.#####
,,,* *,*#.................#.####.
,*** *,,..##.####...####.........
,* ******#,* ##...............


You could see a steam dragon (catching breath, ally target).

Vanquished Creatures
  Sigmund (D:3)
  3 ice beasts
  A gnoll sergeant (D:5)
  A howler monkey (D:6)
  2 centaur zombies (Ossuary)
  3 jellies (D:5)
  A gnoll bouda (D:6)
  An orc priest (D:3)
  A hound (D:5)
  2 human zombies (Ossuary)
  2 iguanas
  5 orc wizards (D:3)
  2 mummies (Ossuary)
  8 gnolls
  6 adders
  2 ufetubi
  2 adder zombies (Ossuary)
  3 worms
  A dart slug (D:2)
  15 orcs
  4 ball pythons
  12 endoplasms
  4 giant cockroaches
  5 goblins
  8 hobgoblins
  4 jackals (D:1)
  6 quokkas
  7 bats
  5 frilled lizards
  2 goblin zombies (Ossuary)
  13 hobgoblin zombies (Ossuary)
  2 jackal zombies (Ossuary)
  4 kobolds
  8 kobold zombies (Ossuary)
  5 orc zombies (Ossuary)
  4 rats
  A rat zombie (Ossuary)
156 creatures vanquished.

Vanquished Creatures (others)
  745 foxfires
745 creatures vanquished.

Grand Total: 901 creatures vanquished

Notes
Turn   | Place    | Note
-------+----------+-------------------------------------------
     0 | D:1      | cforsyth the Tengu Fire Elementalist began the quest for
                  | the Orb.
     0 | D:1      | Reached XP level 1. HP: 10/10 MP: 4/4
    12 | D:1      | Found a faded altar of an unknown god.
   289 | D:1      | Reached XP level 2. HP: 15/15 MP: 3/6
   926 | D:2      | Found a shimmering blue altar of Sif Muna.
   970 | D:2      | Reached XP level 3. HP: 19/19 MP: 4/7
  2109 | D:3      | Reached XP level 4. HP: 13/24 MP: 5/9
  2382 | D:3      | Noticed Sigmund
  2388 | D:3      | Killed Sigmund
  2389 | D:3      | Gained mutation: Your magical nature lets you fly swiftly
                  | and evasively. [Tengu growth]
  2389 | D:3      | Reached XP level 5. HP: 28/28 MP: 3/11
  2389 | D:3      | Reached XP level 6. HP: 32/32 MP: 3/12
  2513 | D:3      | Reached skill level 5 in Fire Magic
  2648 | D:3      | Reached skill level 5 in Conjurations
  3234 | D:4      | Reached XP level 7. HP: 36/36 MP: 9/14
  4007 | D:4      | Found Nipuocvu's Weapon Boutique.
  4136 | D:5      | Entered Level 5 of the Dungeon
  4925 | D:5      | Reached XP level 8. HP: 41/41 MP: 10/16
  4967 | D:5      | Found Riec's One-of-a-Kind Rings.
  5093 | D:6      | Found a staircase to the Ecumenical Temple.
  5101 | D:6      | Reached skill level 5 in Spellcasting
  5107 | Temple   | Entered the Ecumenical Temple
  5107 | Temple   | Found a transporter.
  5107 | Temple   | Found a transporter.
  5131 | Temple   | Found a transporter.
  5131 | Temple   | Found a transporter.
  5141 | Temple   | Became a worshipper of Vehumet
  5177 | D:6      | Found a sand-covered staircase.
  5181 | Ossuary  | Entered an ossuary
  5676 | Ossuary  | Reached * piety under Vehumet
  5676 | Ossuary  | Offered knowledge of Kiss of Death by Vehumet.
  6307 | D:6      | Noticed Eustachio
  6310 | D:6      | Killed from afar by a steam dragon

Illustrated notes

Levels and vault maps discovered:
D:1:      minmay_arrival_four_circles, layout_rooms, basic_ecumenical_altar,
          serial_park_tiny_2
D:2:      minmay_evil_eye, layout_loops_cross, basic_altar
D:3:      layout_basic, uniq_sigmund
D:4:      layout_basic, serial_shops, kennysheep_little_box,
          minmay_manual_mandibuliform
D:5:      layout_cave_pools, minivault_25, nicolae_shop_unique_rings
D:6:      layout_loops_ring, minmay_temple_entry_drinking_statues,
          enter_ossuary_5, grunt_ministairs_7, dk_noncrumbling_4, uniq_eustachio
Temple:   hellmonk_temple_divided_pantheon

Skill      XL: |  1  2  3  4  5  6  7  8 |
---------------+-------------------------+-----
Conjurations   | 2 3 4 5 6 7 |  7.8
Fire Magic     | 4 5 6 7 |  7.2
Spellcasting   | 3 4 5 |  5.7
Dodging        | |  2.1
Stealth        | |  2.0

Action                     |  1- 3 |  4- 6 |  7- 9 || total
---------------------------+-------+-------+-------++-------
  Melee: Unarmed           |     6 |     7 |     2 ||    15
         Kick              |     1 |     3 |     1 ||     5
         Peck              |     1 |     3 |     1 ||     5
   Cast: Foxfire           |    91 |    81 |   254 ||   426
    Use: Potion            |       |     1 |       ||     1
         Scroll            |       |       |     1 ||     1
 Armour: Robe              |     7 |     2 |    13 ||    22
  Dodge: Dodged            |    14 |    17 |    34 ||    65

Table legend: (Time is in decaauts)
 A = Elapsed time spent in this place.
 B = Non-inter-level travel time spent in this place.
 C = Inter-level travel time spent in this place.
 D = Time resting spent in this place.
 E = Time spent auto-exploring this place.
 F = Levels seen in this place.
 G = Mean time per level.
                   A        B        C        D        E       F      G
               +--------+--------+--------+--------+--------+-----+--------+
         Total |   6157 |   6067 |     90 |    365 |   4549 |   8 |  769.6 |
       Dungeon |   5287 |   5197 |     90 |    365 |   3965 |   6 |  881.2 |
        Temple |     48 |     48 |      0 |      0 |     22 |   1 |   48.0 |
       Ossuary |    822 |    822 |      0 |      0 |    561 |   1 |  822.0 |
               +--------+--------+--------+--------+--------+-----+--------+

Top non-repeatable levels by time:
     D:2: 1334 daAuts
     D:4: 1109 daAuts
     D:3: 1019 daAuts
 Ossuary: 822 daAuts
     D:1: 822 daAuts
     D:5: 687 daAuts
     D:6: 313 daAuts
  Temple: 48 daAuts
